AoeStats
← schmeno

Coastal Forest

503246695Analyzed
4v4 RM · 2mo ago on Aug 30, 2026· 46m 53s· 8 players
Game mode
Random Map
Map size
Large (8 player)
Population
200
Speed
Normal
Resources
Standard
Victory
Conquest
Starting age
Dark Age
Ending age
Imperial Age
RankedLock teamsTeams togetherTeam positionsShared explorationLock speedFull tech treeHidden civsTurbo modeCheats
Victory
Defeat
🇺🇸 Maya · United States
1225
+16
🇺🇸 Persians · United States
1165
+19
🇺🇸 Jurchens · United States
1160
+19
🇺🇸 Vikings · United States
1077
+22
vs
🇧🇷 Saracens · Brazil
1283
-22
🇨🇴 Poles · Colombia
1246
-20
🇺🇸 Mongols · United States
1200
-18
🇧🇷 Tatars · Brazil
1175
-17
Vhl.Leader
11:09 Feudal Age
11:58 Double-Bit Axe
14:42 Castle Age
13:37 Horse Collar
16:01 Wheelbarrow
17:43 Loom
22:27 Forging
24:35 Gold Mining
27:09 Scale Barding Armor
30:15 Chain Barding Armor
35:17 Imperial Age
34:23 Iron Casting
33:18 Elite Skirmisher
34:27 Bloodlines
35:35 Cavalier
39:28 Blast Furnace
40:47 Padded Archer Armor
40:44 Fletching
42:04 Leather Archer Armor
42:40 Heavy Camel Rider
44:42 Bodkin Arrow
46:09 Ring Archer Armor
46:54 Bracer
hitman47
10:41 Feudal Age
13:25 Loom
13:43 Double-Bit Axe
17:03 Castle Age
17:10 Forging
23:20 Horse Collar
24:39 Stone Mining
25:52 Bow Saw
26:53 Husbandry
27:04 Bloodlines
30:50 Scale Barding Armor
31:17 Heavy Plow
32:41 Chain Barding Armor
32:57 Iron Casting
38:11 Imperial Age
37:13 Gold Mining
38:00 Stone Shaft Mining
38:25 Scale Mail Armor
39:23 Conscription
38:34 Light Cavalry
40:03 Wheelbarrow
41:18 Winged Hussar
45:14 Crop Rotation
46:21 Conscription
SirT_Maji
5:51 Loom
9:23 Feudal Age
10:04 Double-Bit Axe
22:39 Castle Age
21:41 Fletching
22:25 Bloodlines
22:25 Horse Collar
22:37 Gold Mining
23:27 Bodkin Arrow
25:26 Ballistics
25:46 Husbandry
29:43 Thumb Ring
35:20 Wheelbarrow
DID JAMB
3:41 Loom
11:20 Feudal Age
12:11 Double-Bit Axe
15:36 Horse Collar
19:25 Castle Age
17:28 Stone Mining
18:26 Gold Mining
19:09 Bloodlines
20:31 Wheelbarrow
20:10 Scale Barding Armor
21:22 Husbandry
23:23 Forging
26:19 Town Watch
28:52 Chain Barding Armor
30:08 Iron Casting
30:16 Bow Saw
32:23 Heavy Plow
38:35 Imperial Age
36:25 Hand Cart
38:44 Elite Steppe Lancer
40:16 Gold Shaft Mining
42:43 Blast Furnace
42:35 Stone Shaft Mining
schmeno
6:09 Loom
9:02 Feudal Age
9:41 Double-Bit Axe
14:18 Scale Barding Armor
21:57 Castle Age
22:10 Bloodlines
22:14 Forging
22:48 Chain Barding Armor
22:47 Bow Saw
24:22 Iron Casting
24:04 Husbandry
25:38 Gold Mining
31:04 Wheelbarrow
33:16 Town Watch
33:49 Hand Cart
33:20 Horse Collar
37:30 Fletching
45:02 Bodkin Arrow
49:32 Imperial Age
Tired Cock
12:24 Feudal Age
16:16 Castle Age
14:55 Scale Barding Armor
14:54 Double-Bit Axe
17:30 Bloodlines
18:35 Loom
20:21 Horse Collar
23:22 Husbandry
25:04 Forging
34:50 Heavy Plow
39:31 Chain Barding Armor
39:52 Bow Saw
46:18 Imperial Age
45:49 Wheelbarrow
46:40 Iron Casting
46:51 Elite Steppe Lancer
Simon Nelson Cook
6:32 Loom
11:39 Feudal Age
11:42 Man-at-Arms
22:48 Castle Age
20:53 Double-Bit Axe
22:54 Scale Mail Armor
23:24 Pikeman
24:48 Squires
28:51 Fletching
30:16 Bow Saw
29:49 Horse Collar
36:15 Forging
39:23 Iron Casting
39:52 Chain Mail Armor
39:33 Bodkin Arrow
43:54 Chieftains
47:34 Imperial Age
r smothers
0:30 Loom
10:19 Feudal Age
10:45 Double-Bit Axe
12:52 Horse Collar
15:27 Forging
21:15 Castle Age
20:56 Fletching
21:16 Crossbowman
21:57 Bodkin Arrow
24:10 Bow Saw
24:02 Heavy Plow
26:24 Gold Mining
27:41 Wheelbarrow
26:52 Town Watch
31:33 Padded Archer Armor
33:16 Ballistics
35:03 Thumb Ring
35:44 Hand Cart
37:02 Leather Archer Armor
40:59 Imperial Age
41:05 Arbalester
42:49 Chemistry
41:51 Bracer
42:21 Ring Archer Armor
43:01 Conscription
Connection lost

Rejoining the realm…

Still unreachable

The connection could not be restored.

Session expired

The server has moved on; the page needs a fresh start.